 Dungeon Crawl Stone Soup version 0.30.1-3-gfc49f6343a (webtiles) character file.

Game seed: 4481532934630904696

9 croobank the Sneak (level 2, -5/21 HPs)
             Began as an Octopode Delver on July 18, 2023.
             Killed from afar by a manticore (11 damage)
             ... with a volley of spikes
             ... on level 7 of the Dungeon.
             The game lasted 00:01:16 (82 turns).

croobank the Sneak (Octopode Delver)                  Turns: 82, Time: 00:01:17

Health: -5/21      AC:  1    Str: 11    XL:     2   Next: 12%
Magic:  2/2        EV: 13    Int: 12    God:
Gold:   0          SH:  0    Dex: 13    Spells: 1/1 levels left

rFire   . . .        a - +0 short sword
rCold   . . .        (no shield)
rNeg    . . .        (helmet restricted)
rPois   .            (no amulet)
rElec   .            (no ring)
rCorr   .            (no ring)
SInv    .            (no ring)
Will    .....        (no ring)
Stlth   ++++         (no ring)
HPRegen 0.23/turn    (no ring)
MPRegen 0.08/turn    (no ring)
                     (no ring)

%: no passive effects
@: spiked, hasted, studying Ranged Weapons, very quick
A: almost no armour, amphibious, 8 rings, camouflage 1, gelatinous body 1,
(nimble swimmer 1), tentacles
a: no special abilities


You were on level 7 of the Dungeon.
You visited 1 branch of the dungeon, and saw 3 of its levels.

Inventory:

Hand Weapons
 a - a +0 short sword (weapon)
 g - a +0 war axe
 h - the +4 spear of Icvidox {holy, Dex+2}
   (You found it on level 7 of the Dungeon)

   Dex:       It affects your dexterity (+2).
Wands
 f - a wand of digging (3)
Scrolls
 b - 2 scrolls of fog
 c - a scroll of magic mapping


   Skills:
 + Level 3.1 Fighting
 + Level 2.1 Short Blades
 + Level 2.1 Dodging
 * Level 6.8 Stealth


You had one spell level left.
You didn't know any spells.
Your spell library was empty.

Dungeon Overview and Level Annotations

Branches:
Dungeon (7/15)
 Temple: D:4-7

Altars:


Innate Abilities, Weirdness & Mutations

You cannot wear most types of armour.
You are amphibious.
You can wear up to eight rings at the same time.
Your skin changes colour to match your surroundings (Stealth+).
Your rubbery body absorbs attacks. (AC +1, EV +1)
((You are camouflaged when in or above water. (Stealth+)))
You have tentacles for arms and can constrict up to eight enemies at once.


Message History

You hear the slow hiss of an avalanche of sand nearby.
Found a war axe.
Found an escape hatch in the floor.
You see here a +0 war axe.
g - a +0 war axe
There is a stone staircase leading down here.
You climb downwards.
Found three items.
There is a stone staircase leading up here.
A manticore comes into view.
Found a manual of Ranged Weapons.
The manticore flicks its tail.
The volley of spikes hits you.
The barbed spikes become lodged in your body.
You see here the +4 spear of Icvidox {holy, Dex+2}.
h - the +4 spear of Icvidox {holy, Dex+2}
Okay, then.
You feel yourself speed up.
Okay, then.
Okay, then.
The manticore flicks its tail.
The volley of spikes hits you!
The barbed spikes become lodged in your body.
Ouch! That really hurt!
* * * LOW HITPOINT WARNING * * *
As you read the scroll of fear, it crumbles to dust.
You assume a fearsome visage.
The manticore looks frightened!
You carefully extract the barbed spikes from your body.
Found 13 gold pieces.
A cyclops comes into view.
You see here a manual of Ranged Weapons.
You pick up a manual of Ranged Weapons and begin studying.
The manticore seems to regain its courage.
You aren't carrying any potions.
Unknown command.
The manticore flicks its tail.
The volley of spikes hits you!
The barbed spikes become lodged in your body.
Ouch! That really hurt!
You die...

#.#.. .:... #.#.##.?#
#.#.#<..#
######.#.#...#
#$...#.#.#...#
#..........#
#.#..#.....#
###.......###
#######.##@.........#
.C....H...##.#...####
#######.##..........
### ...###.### #.....
... ...###..### .....
. ####


You could see a manticore.

Vanquished Creatures
  An adder (D:6)
1 creature vanquished.

Notes
Turn   | Place    | Note
-------+----------+-------------------------------------------
     0 | D:5      | croobank the Octopode Delver began the quest for the Orb.
     0 | D:5      | Reached XP level 1. HP: 16/16 MP: 1/1
    45 | D:6      | Reached XP level 2. HP: 21/21 MP: 2/2
    61 | D:7      | Noticed a manticore
    63 | D:7      | Identified the +4 spear of Icvidox {holy, Dex+2}
    77 | D:7      | Noticed a cyclops
    82 | D:7      | Killed from afar by a manticore

Illustrated notes

Levels and vault maps discovered:
D:5:      cheibrodos_quashed, layout_layer_cave, serial_shops, shop,
          nicolae_shop_drivethru, nicolae_shop_real_fake_doors, shop,
          uniq_menkaure
D:6:      layout_gridville, marbit_many_paths, enter_ossuary_4,
          nicolae_zen_rock_garden
D:7:      layout_basic, ashenzari_altar_1, minmay_manual_monstrance

Action                     || total
---------------------------++-------
  Melee: Short sword       ||     1
    Use: Scroll            ||     1
         Potion            ||     1
   Stab: Sleeping          ||     1
